 Dungeon Crawl Stone Soup version 0.27.0-1-g7a089689b8 (webtiles) character file.

Game seed: 15506996336901092094

1009 Descartes the Ruffian (level 8, -2/72 HPs)
             Began as a Troll Hunter on July 31, 2021.
             Splashed by an acid dragon's acid (13 damage)
             ... on level 5 of the Dungeon.
             The game lasted 00:07:42 (3936 turns).

Descartes the Ruffian (Troll Hunter)                Turns: 3936, Time: 00:07:43

Health: -2/72      AC:  4    Str: 21    XL:     8   Next: 1%
Magic:  7/7        EV: 11    Int:  9    God:
Gold:   186        SH:  0    Dex: 10    Spells: 7/7 levels left

rFire    . . .     SeeInvis .     - Unarmed
rCold    . . .     Faith    .   (no shield)
rNeg     . . .     Spirit   .   b - +0 robe
rPois    .         Reflect  .   (helmet restricted)
rElec    .         Harm     .   (no cloak)
rCorr    .         Rampage  .   (gloves unavailable)
Will     .....                  (boots unavailable)
Stlth    +.........             (no amulet)
HPRegen  1.22/turn              (no ring)
MPRegen  0.10/turn              (no ring)

@: no status effects
A: large, unfitting armour, claws 3, regeneration 1, shaggy fur 1, tough skin 1
a: no special abilities


You were on level 5 of the Dungeon.
You visited 2 branches of the dungeon, and saw 6 of its levels.

You collected 186 gold pieces.

Inventory:

Hand Weapons
 o - a +0 hunting sling
Missiles
 c - 5 large rocks (quivered)
 d - 2 throwing nets
 e - 106 stones
 k - 42 poisoned darts
 q - 3 datura-tipped darts
 r - 57 arrows
 u - 24 sling bullets
Armour
 b - a +0 robe (worn)
Jewellery
 m - a ring of see invisible
 n - an amulet of reflection
Wands
 v - a wand of charming (12)
Scrolls
 f - a scroll of summoning {unknown}
 g - 5 scrolls of identify {unknown}
 h - a scroll of fear {unknown}
 j - a scroll of acquirement {unknown}
 l - a scroll of blinking {unknown}
 w - a scroll of vulnerability {unknown}
Potions
 a - 2 potions of curing
 i - 2 potions of might {unknown}
 p - a potion of cancellation {unknown}
 s - a potion of brilliance {unknown}
 t - a potion of haste {unknown}
 x - a potion of lignification {unknown}


   Skills:
 + Level 2.2 Fighting
 + Level 5.3 Throwing
 - Level 5.0 Dodging
 - Level 0.3 Stealth
 + Level 5.3 Unarmed Combat


You had 7 spell levels left.
You didn't know any spells.
Your spell library contained the following spells:

 Spells                   Type           Power      Damage    Failure   Level
 Ensorcelled Hibernation  Hex/Ice        0%         N/A       52%         2
 Spider Form              Tmut/Pois      0%         N/A       77%         3
 Fireball                 Conj/Fire      0%         3d3       100%        5
 Iskenderun's Battlesphe  Conj           0%         2d6       100%        5
 Conjure Ball Lightning   Conj/Air       0%         3x3d6     100%        6
 Shadow Creatures         Summ           N/A        N/A       100%        6
 Orb of Destruction       Conj           0%         N/A       100%        7


Dungeon Overview and Level Annotations

Branches:
Dungeon (5/15)             Temple (1/1) D:4

Altars:
Ashenzari
Cheibriados
Dithmenos
Elyvilon
Fedhas
Kikubaaqudgha
Qazlal
Ru
Sif Muna
Uskayaw
Wu Jian
Yredelemnul
Zin
The Shining One

Shops:
D:5 :


Innate Abilities, Weirdness & Mutations

You are too large for most types of armour.
You have claws for hands.
Your natural rate of healing is unusually fast.
You are covered in fur. (AC +1)
You have tough skin. (AC +1)


Message History

The acid dragon claws you but does no damage.
You scratch the acid dragon but do no damage.
The acid dragon is heavily wounded.
The jackal bites you but does no damage.
The acid dragon bites you!
* * * LOW HITPOINT WARNING * * *
The acid dragon claws you but does no damage.
You completely miss the acid dragon.
The acid dragon is heavily wounded.
Prince Ribbit casts a spell.
Prince Ribbit easily resists.
The jackal misses you. Prince Ribbit closely misses you.
The acid dragon barely misses you. The acid dragon closely misses you.
You feel better. The hound zombie bites you.
The jackal bites you but does no damage.
Prince Ribbit casts a spell.
Prince Ribbit easily resists.
An iguana comes into view.
The acid dragon barely misses you.
The acid dragon claws you but does no damage.
The hound zombie bites you but does no damage.
The iguana hisses angrily.
You claw Prince Ribbit!
You kill Prince Ribbit!
Prince Ribbit returns to his original shape as he dies.
The jackal closely misses you. The hound zombie misses you.
The jackal closely misses you.
Your Fighting skill increases to level 2!
You have reached level 8!
You see here the human corpse of Prince Ribbit.
You completely miss the acid dragon.
The acid dragon is heavily wounded.
The acid dragon barely misses you. The acid dragon claws you.
You claw the acid dragon!
The acid dragon is almost dead.
The acid dragon spits acid at you. The splash of acid hits you!
* * * LOW HITPOINT WARNING * * *
You are splashed with acid!
You die...

## .### #.
.l..$#.
.#...#.####
..........#
......=...#
......OhZ.# #D#
.### ..
#@######....
#.###........#
#.....#...##.#
###.##.....#.###
#. ##
##...#>........#
##.## ?.
...........#.#.#
...# .#
###...#.......#
##..##.#
##.##.#.#####
#..<...# ...
#.#.#


You could see an acid dragon (catching breath), an ogre, a hound zombie and a
jackal.

Vanquished Creatures
  Prince Ribbit (D:5)
  A necrophage (D:5)
  2 ogres (D:5)
  2 phantoms (D:4)
  A scorpion (D:4)
  A hound (D:5)
  2 iguanas (D:5)
  An orc wizard (D:4)
  10 gnolls
  5 adders
  A white imp (D:5)
  4 dart slugs
  A worm (D:2)
  12 orcs
  5 ball pythons
  5 bats
  3 endoplasms
  3 giant cockroaches
  10 goblins
  8 hobgoblins
  7 jackals
  4 quokkas
  6 frilled lizards
  5 kobolds
  4 rats
104 creatures vanquished.

Notes
Turn   | Place    | Note
-------+----------+-------------------------------------------
     0 | D:1      | Descartes the Troll Hunter began the quest for the Orb.
     0 | D:1      | Reached XP level 1. HP: 19/19 MP: 0/0
     3 | D:1      | Noticed a palentonga
     3 | D:1      | Noticed a vine stalker
     5 | D:1      | Noticed a felid
     5 | D:1      | Noticed a gargoyle
     7 | D:1      | Noticed a human
     7 | D:1      | Noticed an elf
     9 | D:1      | Noticed a troll
    11 | D:1      | Noticed an ogre
    11 | D:1      | Noticed a dwarf
    13 | D:1      | Noticed a draconian
    15 | D:1      | Noticed an octopode
    15 | D:1      | Noticed a formicid
    17 | D:1      | Noticed a tengu
    17 | D:1      | Noticed a demonspawn
    19 | D:1      | Noticed a naga
    19 | D:1      | Noticed a minotaur
    21 | D:1      | Noticed a djinni
    21 | D:1      | Noticed a demigod
    23 | D:1      | Noticed a barachi
    25 | D:1      | Noticed a vampire
    25 | D:1      | Noticed a spriggan
    27 | D:1      | Noticed a ghoul
    27 | D:1      | Noticed a merfolk
   343 | D:1      | Reached XP level 2. HP: 27/27 MP: 1/1
   520 | D:1      | Reached skill level 1 in Unarmed Combat
   847 | D:2      | Reached XP level 3. HP: 33/33 MP: 2/2
  1299 | D:1      | Reached XP level 4. HP: 22/41 MP: 3/3
  2084 | D:3      | Reached XP level 5. HP: 38/48 MP: 4/4
  2229 | D:3      | Found a faded altar of an unknown god.
  2259 | D:3      | Found a broken altar of Ashenzari.
  2891 | D:4      | Noticed a phantom
  2909 | D:4      | Killed a phantom
  2910 | D:4      | Reached XP level 6. HP: 21/55 MP: 5/5
  2928 | D:4      | Reached skill level 5 in Throwing
  3049 | D:4      | Found a staircase to the Ecumenical Temple.
  3076 | Temple   | Entered the Ecumenical Temple
  3402 | D:4      | HP: 1/55 [gnoll (10)]
  3686 | D:5      | Entered Level 5 of the Dungeon
  3686 | D:5      | Found Kausogg's Book Shoppe.
  3702 | D:5      | Reached XP level 7. HP: 52/62 MP: 6/6
  3843 | D:5      | Reached skill level 5 in Unarmed Combat
  3906 | D:5      | Noticed Prince Ribbit
  3923 | D:5      | Reached skill level 5 in Dodging
  3933 | D:5      | Killed Prince Ribbit
  3934 | D:5      | Reached XP level 8. HP: 23/72 MP: 7/7
  3936 | D:5      | Splashed by an acid dragon's acid

Illustrated notes

Levels and vault maps discovered:
D:1:      kb_arrival_jail, layout_basic
D:2:      minmay_recursive_quarters, layout_basic, minmay_goblin_outpost
D:3:      minmay_wonky_spiral, layout_loops_cross, nicolae_ashenzari_skybound,
          hellmonk_ecumenical_altar_leap_of_faith
D:4:      layout_basic, minmay_temple_entry_tees
D:5:      cheibrodos_two_vegetables, layout_loops_ring, serial_shops,
          shop_statue, nicolae_stop_n_shop_1, st_stairs_7, uniq_prince_ribbit1
Temple:   cyrus_circular_temple

Skill      XL: |  1  2  3  4  5  6  7 |
---------------+----------------------+-----
Unarmed Combat | 1 2 3 4 5 |  5.3
Dodging        | 2 3 4 5 |  5.0
Throwing       | 4 5 |  5.3
Fighting       | 2 |  2.2
Stealth        | |  0.3

Action                   |  1- 3 |  4- 6 |  7- 9 || total
-------------------------+-------+-------+-------++-------
Melee: Unarmed           |   108 |   219 |    56 ||   383
       Punch             |       |     2 |     1 ||     3
  Use: Potion            |       |       |     1 ||     1
 Stab: Sleeping          |       |     1 |       ||     1
Armor: Robe              |    39 |    76 |    16 ||   131
Dodge: Dodged            |    68 |   137 |    28 ||   233
